 Dungeon Crawl Stone Soup version 0.30-a0-167-g62a5988fa7 (webtiles) character file.

Game seed: 8776714279065015614

25 qw the Shield-Bearer (level 3, -1/23 HPs)
             Began as a Gargoyle Fighter on Sept 29, 2022.
             Slain by a hobgoblin (2 damage)
             ... led by Robin
             ... on level 2 of the Dungeon.
             The game lasted 00:00:03 (131 turns).

qw the Shield-Bearer (Gargoyle Fighter)              Turns: 131, Time: 00:00:04

Health: -1/23      AC: 10    Str: 21    XL:     3   Next: 6%
Magic:  3/3        EV:  9    Int:  8    God:
Gold:   0          SH:  4    Dex:  9    Spells: 2/2 levels left

rFire   . . .      SeeInvis .    a - +0 war axe
rCold   . . .      Faith    .    c - +0 buckler
rNeg    + . .      Spirit   .    b - +0 scale mail
rPois   inf        Reflect  .    (no helmet)
rElec   +          Harm     .    (no cloak)
rCorr   .          Rampage  .    (no gloves)
Will    .....                    (no boots)
Stlth   ..........               (no amulet)
HPRegen 0.07/turn                (no ring)
MPRegen 0.08/turn                (no ring)

@: no status effects
A: sickness immunity, AC +3, negative energy resistance 1, electricity
resistance, torment resistance 1, petrification resistance
a: no special abilities


You were on level 2 of the Dungeon.
You visited 1 branch of the dungeon, and saw 2 of its levels.


Innate Abilities, Weirdness & Mutations

You are immune to sickness and miasma.
Your stone body is resilient. (AC +3)
You are immune to poison.
You resist negative energy. (rN+)
You are resistant to electric shocks. (rElec)
You are resistant to unholy torment.
You are immune to petrification.


   Skills:
 - Level 3.2 Fighting
 + Level 3.1 Axes
 - Level 3.2 Armour
 - Level 3.2 Shields


You had 2 spell levels left.
You didn't know any spells.
Your spell library was empty.

Inventory:

Hand Weapons
 a - a +0 war axe (weapon)
Armour
 b - a +0 scale mail (worn)
 c - a +0 buckler (worn)
Scrolls
 e - a scroll of identify {unknown}
 f - a scroll of magic mapping {unknown}
Potions
 d - a potion of might

Dungeon Overview and Level Annotations

Branches:
Dungeon (1/15)

Altars:


Message History

You kill the hobgoblin!
The hobgoblin barely misses you.
You closely miss the hobgoblin. The goblin hits you but does no damage.
You block the hobgoblin's attack.
You barely miss the goblin. You closely miss the goblin.
You barely miss the goblin. You hit the hobgoblin.
You kill the hobgoblin!
You barely miss the goblin. The goblin barely misses you.
The goblin misses you. The goblin closely misses you.
You barely miss the goblin. You closely miss the goblin. You hit the goblin.
You kill the goblin!
You barely miss the goblin. The goblin hits you but does no damage.
The goblin hits you with a +0 club. x2
Your Axes skill increases to level 3!
You closely miss the goblin. You hit the goblin.
You kill the goblin!
You hit the goblin.
You kill the goblin!
You hit the goblin.
You kill the goblin!
The goblin hits you but does no damage. The hobgoblin closely misses you.
The goblin closely misses you.
You have reached level 3!
Your experience leads to an increase in your attributes!
Increase (S)trength, (I)ntelligence, or (D)exterity?
You feel stronger. x2
You barely miss the goblin. You hit the hobgoblin.
The hobgoblin completely misses you. The goblin hits you but does no damage.
You closely miss the hobgoblin.
The hobgoblin is heavily wounded.
You slash the goblin!
You kill the goblin!
The hobgoblin hits you.
You barely miss the hobgoblin.
The hobgoblin is heavily wounded.
The hobgoblin no longer looks unusually strong.
The hobgoblin hits you but does no damage.
The hobgoblin hits you.
You die...

####.#.#....###
.............
#........... .
#..#.##...###.#
#.............. .$
#....#..#.....
8..#.............
..g....#.#))#.##...
.g...#....)@..!....
g#####.#.#)g.......
.............###..
##########+###


You could see a hobgoblin.

Vanquished Creatures
  Robin (D:2)
  7 goblins (D:2)
  4 hobgoblins (D:2)
  A quokka (D:1)
13 creatures vanquished.

Notes
Turn   | Place    | Note
-------+----------+-------------------------------------------
     0 | D:1      | qw the Gargoyle Fighter began the quest for the Orb.
     0 | D:1      | Reached XP level 1. HP: 14/14 MP: 1/1
     0 | D:1      | 0 ||| qw: Version: 0.2-a-12-gaebbb33
     0 | D:1      | 0 ||| qw: Game counter: 1068
     0 | D:1      | 0 ||| qw: Always use a shield: true
     0 | D:1      | 0 ||| qw: God list: Okawaru
     0 | D:1      | 0 ||| qw: Allow faded altars: false
     0 | D:1      | 0 ||| qw: Do Orc after D:15 true
     0 | D:1      | 0 ||| qw: Do second Lair branch before Depths: true
     0 | D:1      | 0 ||| qw: Lair rune preference: random
     0 | D:1      | 0 ||| qw: Plans: Normal, Zot:1-4, God:TSO, Crypt, Tomb,
                  | Pan, Slime:5, Hells, Abyss, Orb
     0 | D:1      | 0 ||| PLANNING D:1-11
    98 | D:1      | You fall into a shaft and drop 1 floor!
   106 | D:2      | 106 ||| Stepping ~*~*~tactically~*~*~ (stealth).
   111 | D:2      | Noticed Robin
   112 | D:2      | 112 ||| Stepping ~*~*~tactically~*~*~ (stealth).
   115 | D:2      | 115 ||| Stepping ~*~*~tactically~*~*~ (stealth).
   123 | D:2      | Killed Robin
   124 | D:2      | Reached XP level 2. HP: 12/19 MP: 2/2
   128 | D:2      | Reached skill level 3 in Axes
   129 | D:2      | Reached XP level 3. HP: 7/23 MP: 3/3
   130 | D:2      | HP: 1/23 [hobgoblin[Robin] (6)]
   131 | D:2      | Slain by a hobgoblin

Levels and vault maps discovered:
D:1:      elethiomel_arrival_maze, layout_loops_ring, serial_shops, shop,
          nicolae_shop_statue_plus, nicolae_shop_advertising_works
          [nicolae_subvault_shop_adworks], shop, shapermc_ecumenical_altar_venn,
          due_unseen_surprise
D:2:      layout_basic, mrwooster_statue_mirror, uniq_robin

Skill      XL: |  1  2 |
---------------+-------+-----
Axes           | 2 3 |  3.1
Fighting       | |  3.2
Armour         | |  3.2
Shields        | |  3.2

Action                   || total
-------------------------++-------
Melee: War axe           ||    20
Armor: Scale mail        ||    10
Dodge: Dodged            ||    11
Block: Buckler           ||     1

Table legend:
 A = Non-vault XP
 B = Vault XP
 C = Vault XP percentage of total XP
 D = Non-vault monster count
 E = Vault monster count
 F = Vault count percentage of total count
                 A         B        C        D         E       F
            +---------+---------+-------+---------+---------+-------
      Total |       2 |      35 |  94.6 |       1 |      12 |  92.3
            +---------+---------+-------+---------+---------+-------
        D:1 |       2 |       0 |   0.0 |       1 |       0 |   0.0
        D:2 |       0 |      35 | 100.0 |       0 |      12 | 100.0
            +---------+---------+-------+---------+---------+-------
